 Dungeon Sprint DCSS version 0.21-a0-338-g36cf2fc (webtiles) character file.

1276 Kidiri the Fighter (level 8, -2/81 HPs)
             Began as a Minotaur Fighter on Oct 3, 2017.
             Was a Believer of Okawaru.
             Slain by Snorg (14 damage)
             ... in the Dungeon (Sprint III: "The Ten Rune Challenge").
             The game lasted 00:04:01 (1085 turns).

Kidiri the Fighter (Minotaur Fighter)               Turns: 1085, Time: 00:04:01

Health: -2/81      AC: 10    Str: 27    XL:     8   Next: 29%
Magic:  7/9        EV: 16    Int:  7    God:    Okawaru [**....]
Gold:   44         SH: 14    Dex: 11    Spells: 7/7 levels left

rFire    . . .     SeeInvis .   g - +2 long sword (holy)
rCold    . . .     Gourm    .   c - +0 shield
rNeg     . . .     Faith    .   b - +0 scale mail
rPois    .         Spirit   .   (helmet restricted)
rElec    +         Reflect  .   (no cloak)
rCorr    .         Harm     .   (no gloves)
MR       .....     NoTele   +   (no boots)
Stlth    ++........             (no amulet)
HPRegen  0.23/turn              (no ring)
MPRegen  0.11/turn              (no ring)

@: mighty, heroism
A: retaliatory headbutt, fangs 1, horns 2, camouflage 1, clever 1, electricity
resistance
a: Heroism, Renounce Religion


You were in the Dungeon.
You worshipped Okawaru.
Okawaru was pleased with you.
You were not hungry.

You visited 1 branch You collected 44 gold pieces.

Inventory:

Hand Weapons
 g - a +2 long sword of holy wrath (weapon)
Armour
 b - a +0 scale mail (worn)
 c - a +0 shield (worn)
Wands
 a - a wand of random effects (25/48)
Scrolls
 k - a scroll of blinking
 n - a scroll of torment {unknown}
 o - 6 scrolls of remove curse
 r - a scroll of holy word {unknown}
Potions
 e - 2 potions of curing
 h - a potion of haste
 i - 2 potions of magic
 q - a potion of lignification {unknown}
 t - 2 potions of flight
Comestibles
 f - a bread ration
 j - a royal jelly
 s - a meat ration


   Skills:
 * Level 10.7(15.7) Fighting
 * Level 10.4(15.4) Long Blades
 * Level 10.7(15.7) Armour
 + Level 6.4(11.4) Dodging
 * Level 10.7(15.7) Shields
 + Level 3.3 Invocations
 + Level 1.3 Evocations


You had 7 spell levels left.
You didn't know any spells.

Dungeon Overview and Level Annotations

Branches:
Dungeon (1/1)

Altars:
Cheibriados
Dithmenos
Elyvilon
Fedhas
Gozag
Hepliaklqana
Kikubaaqudgha
Makhleb
Nemelex Xobeh
Okawaru
Qazlal
Ru
Sif Muna
Trog
Uskayaw
Vehumet
Wu Jian
Xom
Yredelemnul
Zin
The Shining One
Beogh
Jiyva
Lugonu

Annotations:
D exclusion: door, Snorg


Innate Abilities, Weirdness & Mutations

You reflexively headbutt those who attack you in melee.
You have a pair of horns on your head.
You have very sharp teeth.
Your skin changes colour to match your surroundings (Stealth+).
Your mind is acute. (Int +2)
You are resistant to electric shocks. (rElec)


Message History

You block Snorg's attack. Snorg claws you. Snorg barely misses you.
You block Snorg's attack. Snorg completely misses you.
Snorg claws you but does no damage.
You closely miss Snorg. You headbutt Snorg! You bite Snorg!
Snorg is heavily wounded.
Snorg bites you. Snorg closely misses you. Snorg claws you but does no damage.
You gain the combat prowess of a mighty hero.
You block Snorg's attack. Snorg claws you but does no damage. Snorg claws you.
You block Snorg's attack. Snorg barely misses you. Snorg closely misses you.
You slash Snorg! You headbutt Snorg!! You bite Snorg!
Snorg is severely wounded.
Snorg bites you.
* * * LOW HITPOINT WARNING * * *
You block Snorg's attack. Snorg claws you!
* * * LOW HITPOINT WARNING * * *
Unknown command.
You hit Snorg.
Snorg is severely wounded.
Snorg misses you. Snorg claws you!
You die...

♣.############
♣♣.#___#___#__#
♣..#.).#__.#._#
♣..###+#+###+##
.♣.#.......)..#
.♣.'.⌠........#
...#...######'#
...#.⌠.#__#...#+#####
...#...#__#...#.@≈§≈+
...#+###__#...#.#T≈≈#
...#:).#__#...'.#§§.#
...#___#__+...#.#§§§#
▓▓▓▓▓▓▓▓▓▓▓▓▓▓▓▓▓▓▓▓▓


You could see Snorg (berserk).

Vanquished Creatures
  A deep elf mage (D)
  A shadow (D)
  A spatial vortex (D)
  A necrophage (D)
  A water elemental (D)
  A scorpion (D)
  A jelly (D)
  Jessica (D)
  A wizard (D)
  A necromancer (D)
  3 humans (D)
  A kobold demonologist (D)
  An ooze (D)
  2 rats (D)
17 creatures vanquished.

Vanquished Creatures (others)
  2 draconian scorchers (D)
  2 yaktaurs (D)
  6 hellions (D)
10 creatures vanquished.

Grand Total: 27 creatures vanquished

Notes
Turn   | Place    | Note
-------+----------+-------------------------------------------
     0 | D        | Kidiri the Minotaur Fighter began the quest for the Orb.
     0 | D        | Reached XP level 1. HP: 19/19 MP: 0/0
     7 | D        | Reached skill level 1 in Dodging
    98 | D        | Killed a hellion
    98 | D        | Killed a hellion
    98 | D        | Killed a hellion
    98 | D        | Killed a hellion
    98 | D        | Killed a hellion
    99 | D        | Killed a hellion
   133 | D        | Noticed Jessica
   137 | D        | Killed Jessica
   137 | D        | Reached skill level 5 in Fighting
   137 | D        | Reached skill level 5 in Armour
   137 | D        | Reached skill level 5 in Shields
   137 | D        | Reached XP level 2. HP: 29/29 MP: 1/1
   137 | D        | Reached XP level 3. HP: 36/36 MP: 2/2
   167 | D        | Noticed a scorpion
   178 | D        | Killed a scorpion
   178 | D        | Reached skill level 5 in Long Blades
   178 | D        | Reached XP level 4. HP: 44/44 MP: 3/3
   200 | D        | Gained mutation: Your body sometimes deteriorates upon taking damage. [potion of mutation]
   200 | D        | Gained mutation: Your body often deteriorates upon taking damage. [potion of mutation]
   200 | D        | Gained mutation: Your skin changes colour to match your surroundings (Stealth+). [potion of mutation]
   200 | D        | Gained mutation: Your spells are a little harder to cast, but a little more powerful. [potion of mutation]
   201 | D        | Lost mutation: Your body often deteriorates upon taking damage. [potion of mutation]
   201 | D        | Lost mutation: Your spells are a little harder to cast, but a little more powerful. [potion of mutation]
   201 | D        | Gained mutation: You can translocate small distances at will. [potion of mutation]
   201 | D        | Gained mutation: You have sharp toenails. [potion of mutation]
   202 | D        | Lost mutation: Your body sometimes deteriorates upon taking damage. [potion of mutation]
   202 | D        | Lost mutation: You can translocate small distances at will. [potion of mutation]
   202 | D        | Lost mutation: You have sharp toenails. [potion of mutation]
   202 | D        | Gained mutation: Your spells are a little easier to cast, but a little less powerful. [potion of mutation]
   202 | D        | Gained mutation: You are frail. (-10% HP) [potion of mutation]
   202 | D        | Gained mutation: You are partially covered in slimy green scales. (AC +2) [potion of mutation]
   203 | D        | Lost mutation: Your spells are a little easier to cast, but a little less powerful. [potion of mutation]
   203 | D        | Lost mutation: You are partially covered in slimy green scales. (AC +2) [potion of mutation]
   203 | D        | Lost mutation: You are frail. (-10% HP) [potion of mutation]
   203 | D        | Gained mutation: You have very sharp teeth. [potion of mutation]
   203 | D        | Gained mutation: You are frail. (-10% HP) [potion of mutation]
   203 | D        | Gained mutation: Your spells are a little harder to cast, but a little more powerful. [potion of mutation]
   204 | D        | Lost mutation: You are frail. (-10% HP) [potion of mutation]
   204 | D        | Lost mutation: Your spells are a little harder to cast, but a little more powerful. [potion of mutation]
   204 | D        | Gained mutation: You are resistant to electric shocks. (rElec) [potion of mutation]
   204 | D        | Gained mutation: Your mind is acute. (Int +2) [potion of mutation]
   215 | D        | Killed a white draconian scorcher
   265 | D        | Killed a white draconian scorcher
   272 | D        | Noticed a water elemental
   276 | D        | Killed a water elemental
   276 | D        | Reached XP level 5. HP: 52/52 MP: 4/4
   290 | D        | Found an ornate altar of the Wu Jian Council.
   290 | D        | Found an iron altar of Okawaru.
   291 | D        | Found a roughly hewn altar of Beogh.
   291 | D        | Found a bloodstained altar of Trog.
   291 | D        | Found a hide-covered altar of Uskayaw.
   291 | D        | Noticed a human
   291 | D        | Noticed a human
   299 | D        | Killed a human
   299 | D        | Reached XP level 6. HP: 52/61 MP: 5/5
   303 | D        | Killed a human
   303 | D        | Reached skill level 5 in Dodging
   313 | D        | Became a worshipper of Warmaster Okawaru
   316 | D        | Killed a yaktaur
   430 | D        | Found a radiant altar of Vehumet.
   431 | D        | Found a deep blue altar of Sif Muna.
   431 | D        | Found an ancient bone altar of Kikubaaqudgha.
   442 | D        | Noticed a rust devil
   466 | D        | Found a glowing silver altar of Zin.
   467 | D        | Found a glowing golden altar of the Shining One.
   467 | D        | Found a white marble altar of Elyvilon.
   467 | D        | Noticed a deep elf mage
   475 | D        | Killed a deep elf mage
   475 | D        | Reached * piety under Okawaru
   475 | D        | Reached skill level 10 in Fighting
   475 | D        | Reached skill level 10 in Armour
   475 | D        | Reached skill level 10 in Shields
   475 | D        | Reached XP level 7. HP: 27/72 MP: 5/7
   689 | D        | Found a basalt altar of Yredelemnul.
   689 | D        | Found a shadowy altar of Dithmenos.
   689 | D        | Found a sacrificial altar of Ru.
   699 | D        | Reached skill level 10 in Long Blades
   810 | D        | Killed a yaktaur
   855 | D        | Noticed a shadow
   860 | D        | Killed a shadow
   860 | D        | Reached XP level 8. HP: 52/80 MP: 6/9
   864 | D        | Reached skill level 1 in Evocations
  1017 | D        | Found a blossoming altar of Fedhas.
  1017 | D        | Found a stormy altar of Qazlal.
  1017 | D        | Found a snail-covered altar of Cheibriados.
  1017 | D        | Found a burning altar of Makhleb.
  1017 | D        | Found a shimmering altar of Xom.
  1018 | D        | Found a hazy altar of Hepliaklqana.
  1018 | D        | Found an opulent altar of Gozag.
  1018 | D        | Found a sparkling altar of Nemelex Xobeh.
  1018 | D        | Found a corrupted altar of Lugonu.
  1018 | D        | Found a viscous altar of Jiyva.
  1027 | D        | Reached ** piety under Okawaru
  1074 | D        | Noticed Snorg
  1085 | D        | Slain by Snorg

Vault maps used:
D:        dungeon_sprint_mu

Skill      XL: |  1  2  3  4  5  6  7  8 |
---------------+-------------------------+-----
Fighting       | 5 7 8 10 | 10.7
Long Blades    | 4 5 6 7 9 10 | 10.4
Armour         | 5 6 8 10 | 10.7
Shields        | 5 7 8 10 | 10.7
Dodging        | 1 2 3 4 6 |  6.4
Invocations    | 2 3 |  3.3
Evocations     | 1 |  1.3

Action                   |  1- 3 |  4- 6 |  7- 9 || total
-------------------------+-------+-------+-------++-------
Melee: Long sword        |    16 |    38 |    26 ||    80
       Headbutt          |     4 |     9 |     5 ||    18
       Bite              |       |     5 |     6 ||    11
Invok: Heroism           |       |       |     2 ||     2
  Use: Potion            |       |     8 |     1 ||     9
  Eat: Fruit             |       |       |     3 ||     3
Armor: Scale mail        |     2 |    11 |     5 ||    18
Dodge: Dodged            |     5 |    14 |     9 ||    28
Block: Shield            |     7 |    24 |    13 ||    44
       Rpst.: Long sword |     2 |     4 |       ||     6

Table legend:
 A = Spawn XP
 B = Non-spawn XP
 C = Spawn XP percentage of total XP
 D = Spawn monster count
 E = Non-spawn monster count
 F = Spawn count percentage of total count
 G = Total turns spent on level
                    A         B        C        D         E        F      G
               +---------+---------+-------+---------+---------+-------+---------
         Total |       0 |    1824 |   0.0 |       0 |      17 |   0.0 |  1085
               +---------+---------+-------+---------+---------+-------+---------
             D |       0 |    1824 |   0.0 |       0 |      17 |   0.0 |  1085
               +---------+---------+-------+---------+---------+-------+---------
